Map: Daybreak LE (Void)

Players

Neuro - Winner!

  • Race: Zerg Zerg
  • League: Master
  • Spawn Location: 7:00

Wordix

  • Race: Terran Terran
  • League: Master
  • Spawn Location: 1:00

VOD

Have the link to the VOD?

Description

Time

  • Played on: Jan. 23, 2017, 7:14 a.m.
  • Length: 15:03
Show
View Real Time Build Order
Export as new Build Order

Neuro Zerg - Winner!

Build Orders: Hatch First, Muta Ling Bane 

Get SALT Encoding   

  12  0:01  Drone  
  13  0:13  Overlord  
  13  0:17  Drone  
  14  0:31  Drone x2  
  14  0:35  Drone  
  17  0:52  Hatchery  
  17  0:55  Drone  
  17  0:58  Drone  
  18  1:09  Extractor  
  17  1:13  Spawning Pool  
  17  1:16  Drone  
  17  1:20  Drone  
  18  1:29  Drone  
  19  1:40  Overlord  
  19  1:50  Drone  
  20  2:00  Queen  
  22  2:01  Zergling x2  
  22  2:04  Queen  
  22  2:05  Zergling x2  
  26  2:10  Metabolic Boost  
  26  2:12  Drone  
  27  2:17  Drone  
  28  2:31  Drone x2  
  30  2:40  Spore Crawler  
  28  2:49  Queen  
  31  2:55  Hatchery  
  31  2:57  Overlord  
  30  2:59  Drone x3  
  33  3:07  Drone x2  
  35  3:14  Overlord  
  35  3:18  Drone x5  
  40  3:27  Zergling x8  
  44  3:35  Extractor, Queen  
  45  3:43  Drone x2  
  45  3:44  Drone  
  45  3:45  Queen  
  50  3:51  Overlord  
  50  3:55  Drone  
  51  4:02  Overlord  
  51  4:06  Drone  
  51  4:20  Drone x8  
  57  4:24  Evolution Chamber  
  57  4:27  Evolution Chamber  
  57  4:28  Drone  
  56  4:39  Overlord  
  56  4:40  Overlord  
  56  4:43  Zergling x6  
  56  4:44  Queen  
  56  4:45  Queen  
  61  4:52  Zergling x4  
  65  4:56  Zergling x14  
  72  5:02  Zergling x6  
  72  5:04  Zerg Ground Armor Level 1  
  72  5:06  Zerg Melee Weapons Level 1  
  75  5:19  Zergling x12  
  75  5:20  Lair  
  81  5:29  Drone x7  
  81  5:31  Extractor  
  81  5:32  Extractor  
  86  5:36  Spore Crawler  
  86  5:42  Overlord  
  85  5:43  Overlord x2  
  85  5:46  Extractor  
  84  5:55  Baneling Nest  
  83  6:08  Drone x12  
  95  6:14  Extractor  
  95  6:16  Spore Crawler  
  93  6:21  Spire, Hatchery, Drone  
  93  6:24  Overseer  
  92  6:28  Drone x4  
  92  6:32  Overseer  
  96  6:44  Drone x10  
  97  6:55  Centrifical Hooks  
  97  6:58  Overlord  
  97  7:07  Hatchery  
  96  7:08  Zerg Ground Armor Level 2, Zerg Melee Weapons Level 2  
  96  7:22  Zergling x22  
  102  7:26  Zergling x6  
  98  7:38  Zerg Flyer Weapons Level 1  
  98  7:47  Mutalisk x4  
  98  7:50  Baneling x5  
  105  7:53  Hatchery  
  105  7:57  Baneling x6  
  105  7:58  Overseer  
  104  8:01  Mutalisk x2  
  104  8:05  Spore Crawler  
  104  8:21  Zergling x12  
  104  8:22  Zergling x8  
  114  8:28  Mutalisk  
  114  8:29  Mutalisk x2  
  114  8:30  Overlord  
  114  8:31  Overlord  
  119  8:36  Overlord  
  119  8:37  Overlord  
  114  8:47  Mutalisk x5  
  114  8:50  Baneling  
  114  8:51  Baneling x2  
  111  8:59  Zergling x14  
  116  9:10  Zergling x18  
  116  9:13  Burrow  
  123  9:19  Drone x4  
  127  9:26  Mutalisk  
  127  9:27  Mutalisk x2  
  127  9:30  Baneling  
  127  9:31  Baneling x4  
  131  9:36  Zergling x8  
  135  9:42  Baneling x8  
  135  9:44  Drone x2  
  137  9:53  Drone x5  
  137  9:54  Infestation Pit  
  129  10:08  Zergling x14  
  129  10:09  Zergling x12  
  129  10:14  Extractor x2  
  141  10:18  Pneumatized Carapace  
  138  10:34  Zergling x24  
  150  10:52  Overlord x8  
  147  11:01  Hive  
  147  11:06  Overlord  
  147  11:08  Baneling x6  
  147  11:09  Baneling x4  
  147  11:10  Infestor x2  
  147  11:19  Drone x3  
  147  11:20  Drone x2  
  147  11:23  Overseer  
  152  11:38  Zerg Flyer Weapons Level 2  
  152  11:39  Overseer x2  
  152  11:48  Zergling x24  
  152  11:49  Zergling x12  
  141  12:17  Overseer  
  141  12:19  Zergling x2  
  141  12:20  Adrenal Glands  
  141  12:22  Zerg Ground Armor Level 3, Ultralisk Cavern, Zerg Melee Weapons Level 3  
  141  12:38  Hatchery  
  132  13:17  Chitinous Plating  
  132  13:18  Ultralisk  
  132  13:19  Ultralisk x7  
  180  13:21  Baneling x10  
  180  13:25  Overlord x4  
  180  13:28  Extractor  
  180  13:29  Extractor  
  178  13:42  Overseer  
  178  13:49  Nydus Network  
  176  13:57  Corruptor x6  
  176  14:01  Corruptor, Spore Crawler  
  173  14:24  Zergling x30  
  171  14:29  Zergling x6  
  151  14:34  Zergling x2  
  151  14:35  Zergling x6  
  155  14:43  Zergling x10  
Show
View Real Time Build Order
Export as new Build Order

Wordix Terran 

Build Orders: Reaper Expand, Bio Mine 

Get SALT Encoding   

  12  0:00  SCV  
  13  0:12  SCV  
  14  0:19  Supply Depot  
  14  0:24  SCV  
  15  0:40  SCV  
  15  0:41  Barracks  
  16  0:45  Refinery  
  16  0:52  SCV  
  17  1:04  SCV  
  18  1:17  SCV  
  19  1:28  Reaper  
  19  1:30  Orbital Command  
  20  1:43  Command Center  
  20  1:53  Barracks  
  20  1:56  SCV  
  21  2:02  Refinery  
  21  2:06  Barracks Reactor  
  21  2:09  SCV  
  22  2:18  Supply Depot  
  22  2:21  SCV  
  23  2:34  Factory  
  23  2:40  SCV  
  24  2:45  Barracks Tech Lab, Marine x2  
  26  2:52  SCV  
  26  2:57  Orbital Command  
  27  3:04  SCV  
  30  3:08  Stimpack, Marine  
  30  3:11  Marine  
  30  3:14  Marine  
  31  3:27  Starport, Factory Reactor  
  31  3:29  Marine x2  
  31  3:31  SCV  
  35  3:34  SCV  
  35  3:37  Marine  
  36  3:43  SCV  
  36  3:45  Supply Depot  
  36  3:46  Marine  
  36  3:47  Marine  
  39  3:50  SCV  
  40  3:55  Marine  
  40  3:57  SCV  
  42  4:04  Marine  
  42  4:05  Marine  
  44  4:13  Marine  
  44  4:15  SCV  
  46  4:17  Supply Depot  
  46  4:18  Supply Depot  
  46  4:38  Supply Depot x2  
  46  4:39  SCV x2, Marine x2  
  46  4:44  Medivac x2  
  54  4:54  Engineering Bay, SCV x2  
  54  4:58  Engineering Bay  
  56  5:00  Marine x2  
  56  5:02  Marine  
  56  5:06  SCV  
  60  5:19  SCV  
  60  5:24  SCV  
  60  5:26  Terran Infantry Weapons Level 1, Terran Infantry Armor Level 1  
  61  5:30  Refinery  
  61  5:31  SCV  
  62  5:37  SCV  
  62  5:42  Combat Shield  
  63  5:43  SCV, Medivac  
  63  5:44  Marine x3  
  63  5:49  SCV  
  72  5:51  Widow Mine  
  72  5:53  Supply Depot  
  72  6:01  SCV  
  72  6:02  Command Center  
  73  6:10  SCV  
  74  6:12  Marine  
  74  6:13  Marine x2  
  74  6:15  Supply Depot  
  74  6:16  Supply Depot, SCV  
  80  6:22  Widow Mine, Medivac x2  
  84  6:26  SCV  
  84  6:27  Barracks  
  84  6:29  Supply Depot  
  85  6:36  SCV  
  86  6:41  SCV  
  81  6:47  Marine x3  
  81  6:48  SCV  
  87  6:54  Supply Depot  
  87  6:55  Widow Mine, SCV, Barracks  
  87  6:56  Barracks  
  87  6:57  Armory  
  88  7:01  Refinery  
  88  7:05  SCV, Marine  
  88  7:06  Marine  
  88  7:07  Marine  
  93  7:08  SCV  
  92  7:17  SCV  
  86  7:23  Barracks Reactor, Marine  
  86  7:25  Orbital Command  
  86  7:26  SCV  
  86  7:28  Marine x2  
  86  7:29  SCV  
  85  7:38  SCV  
  85  7:40  Marine  
  87  7:46  Marine x2  
  87  7:48  Barracks Reactor x2  
  87  7:49  Factory Reactor  
  87  7:50  SCV, Medivac x2  
  87  7:51  SCV  
  95  7:57  Terran Infantry Armor Level 2, Terran Infantry Weapons Level 2  
  95  7:58  Marine  
  95  8:03  SCV x2  
  95  8:04  Marine  
  95  8:05  Marine x2  
  101  8:07  Marine  
  102  8:16  Marine  
  102  8:17  SCV  
  104  8:22  Marine  
  104  8:23  Marine x2  
  104  8:25  Marine  
  104  8:26  Marine x3  
  111  8:27  Marine  
  111  8:31  SCV  
  111  8:34  Marine  
  111  8:35  Orbital Command  
  111  8:40  Marine x2  
  111  8:41  SCV, Marine  
  115  8:43  Marine  
  115  8:44  Marine x4  
  112  8:52  Marine  
  111  8:57  SCV x2  
  111  8:58  Marine x3  
  111  9:01  Marine x2  
  111  9:02  Marine x3  
  115  9:03  Bunker  
  115  9:06  SCV  
  115  9:09  SCV, Marine  
  116  9:16  Marine x3  
  123  9:18  SCV x2  
  123  9:19  Refinery, Factory  
  123  9:20  Marine x2  
  123  9:21  SCV  
  123  9:22  Widow Mine x2  
  128  9:27  Missile Turret  
  128  9:32  Missile Turret  
  128  9:34  Marine x5  
  133  9:46  Missile Turret  
  133  9:52  Missile Turret  
  133  9:57  Missile Turret, Marine  
  133  9:59  Marine  
  133  10:01  SCV  
  133  10:02  Marine  
  133  10:05  Factory Tech Lab  
  133  10:08  Bunker  
  133  10:27  Drilling Claws  
  133  10:31  Supply Depot, Marine, Medivac  
  133  10:32  SCV  
  133  10:33  Terran Infantry Weapons Level 3, Marine  
  133  10:34  Terran Infantry Armor Level 3  
  141  10:37  SCV  
  141  10:38  SCV  
  141  10:39  Widow Mine x2, Marine x3  
  141  10:52  SCV x2, Marine x4, Medivac  
  149  11:04  Barracks  
  149  11:06  Marine, Barracks  
  149  11:07  Supply Depot, SCV x2, Barracks  
  149  11:08  Supply Depot, Marine x3  
  149  11:09  SCV, Marine  
  149  11:10  Marine x2  
  149  11:21  Supply Depot x2  
  149  11:24  Supply Depot  
  149  11:28  Marine x8  
  149  11:29  Thor, Marine  
  149  11:30  Command Center  
  164  11:43  Medivac x2  
  172  11:50  Marauder, Widow Mine x2, Marine x3  
  172  11:53  Barracks Reactor  
  172  11:59  Missile Turret, Barracks Reactor  
  172  12:00  Missile Turret  
  172  12:03  Missile Turret, Terran Vehicle Weapons Level 1  
  172  12:05  Marine  
  172  12:06  Marine x5  
  172  12:07  Marine, Liberator x2  
  172  12:08  Marine x2  
  155  12:11  Marine  
  147  12:17  Thor  
  157  12:23  Marine  
  157  12:25  Widow Mine x2  
  157  12:27  Supply Depot  
  164  12:30  Refinery  
  164  12:37  Marine  
  164  12:38  Marauder  
  164  12:41  Marine  
  164  12:43  Marine x2  
  169  12:45  Refinery, Barracks Tech Lab  
  169  12:51  Unknown x3  
  167  12:59  Marauder  
  167  13:03  Marauder, Marine, Liberator  
  167  13:04  Liberator, Marine x10  
  182  13:13  Widow Mine x3  
  182  13:20  Marauder  
  182  13:25  Marauder  
  182  13:26  Missile Turret, Planetary Fortress, Bunker  
  192  13:42  Marauder  
  192  13:46  Hi-Sec Auto Tracking  
  194  13:55  Liberator x2  
  173  14:10  Marauder, Marine x5  
  173  14:11  Marauder, Marine x7  
  173  14:13  Unknown x3  
  168  14:27  Widow Mine x2  
  168  14:28  Widow Mine, Marine x3  
  139  14:32  Marauder x2, Marine x5  
  139  14:33  Marine x3  
  118  14:59  Unknown x4  
Tags
 
Add a new tag
Caveats
  • Supply blocks, unpowered buildings, or Contaminate may cause inaccurate times.
  • Supply counts are checked every 10 seconds.